 Dungeon Crawl Stone Soup version 0.21.1-1-g345015fe64 (webtiles) character file.

2373 beanieboyaka the Thaumaturge (level 9, -14/71 HPs)
             Began as a Grey Draconian Fire Elementalist on Feb 12, 2018.
             Was a Believer of Vehumet.
             Demolished by a two-headed ogre
             ... wielding a +0 giant spiked club
              (16 damage)
             ... on level 7 of the Dungeon.
             The game lasted 00:29:40 (9745 turns).

beanieboyaka the Thaumaturge (DrFE)                 Turns: 9745, Time: 00:29:41

Health: -14/71     AC: 16    Str: 12    XL:     9   Next: 21%
Magic:  22/22      EV: 12    Int: 18    God:    Vehumet [**....]
Gold:   315        SH:  0    Dex: 11    Spells: 16/26 levels left

rFire    . . .     SeeInvis .   D - +0 hand axe (venom)
rCold    . . .     Gourm    .   (no shield)
rNeg     . . .     Faith    .   (armour unavailable)
rPois    .         Spirit   .   (helmet restricted)
rElec    .         Reflect  .   (no cloak)
rCorr    .         Harm     .   f - +2 pair of gloves
MR       .....                  I - +0 pair of boots
Stlth    +++.......             G - amulet of magic regeneration
HPRegen  0.21/turn              b - ring of stealth
MPRegen  0.43/turn              (no ring)

@: no status effects
A: walk through water, unfitting armour, unbreathing, cold-blooded, AC +12
a: Renounce Religion


You were on level 7 of the Dungeon.
You worshipped Vehumet.
Vehumet was pleased with you.
You were not hungry.

You visited 2 branches of the dungeon, and saw 8 of its levels.
You also visited: Ossuary.

You collected 315 gold pieces.

Inventory:

Hand Weapons
 d - a +0 club
 g - a +0 dagger
 v - a +0 scythe
 D - a +0 hand axe of venom (weapon)
Armour
 f - a +2 pair of gloves (worn)
 i - a +1 pair of gloves
 I - a +0 pair of boots (worn)
Jewellery
 b - a ring of stealth (left hand)
 y - an uncursed ring of protection from cold
 E - a cursed ring of loudness
 G - an amulet of magic regeneration (around neck)
Wands
 n - a wand of polymorph (12)
 u - a wand of iceblast (9)
 x - a wand of acid (6)
Scrolls
 h - 4 scrolls of remove curse {unknown}
 k - 4 scrolls of teleportation {unknown}
 l - 5 scrolls of blinking {unknown}
 m - a scroll of vulnerability {unknown}
 q - 2 scrolls of enchant armour
 r - 3 scrolls of enchant weapon {unknown}
 w - a scroll of summoning {unknown}
 B - a scroll of noise {unknown}
 F - 3 scrolls of identify
 H - a scroll of fog {unknown}
 J - 2 scrolls of amnesia {unknown}
Potions
 c - 2 potions of haste {unknown}
 e - 6 potions of heal wounds {unknown}
 j - 2 potions of flight {unknown}
 o - 3 potions of resistance {unknown}
 p - a potion of cancellation {unknown}
 s - 2 potions of berserk rage {unknown}
 t - a potion of lignification {unknown}
 z - 2 potions of agility {unknown}
 A - a potion of mutation {unknown}
 C - a potion of curing
Books
 a - a book of Flames

   Spells                             Type                      Level
   a - Flame Tongue                   Conjuration/Fire             1
   b - Throw Flame                    Conjuration/Fire             2
   c - Conjure Flame                  Conjuration/Fire             3
   d - Inner Flame                    Hexes/Fire                   3
   e - Sticky Flame                   Conjuration/Fire             4
   f - Fireball                       Conjuration/Fire             5


   Skills:
 - Level 4.1 Fighting
 - Level 1.7 Dodging
 - Level 1.7 Stealth
 - Level 9.3 Spellcasting
 * Level 3.1 Conjurations
 + Level 5.1 Fire Magic
 - Level 3.2 Evocations


You had 16 spell levels left.
You knew the following spells:

 Your Spells              Type           Power        Failure   Level  Hunger
a - Flame Tongue          Conj/Fire      ###..        1%          1    None
b - Throw Flame           Conj/Fire      ###...       2%          2    None
c - Inner Flame           Hex/Fire       ###.....     9%          3    None
d - Sticky Flame          Conj/Fire      ###.....     16%         4    ###....


Dungeon Overview and Level Annotations

Branches:
Dungeon (7/15)             Temple (1/1) D:4

Altars:
Ashenzari
Cheibriados
Dithmenos
Elyvilon
Fedhas
Gozag
Hepliaklqana
Kikubaaqudgha
Makhleb
Nemelex Xobeh
Okawaru
Qazlal
Ru
Sif Muna
Trog
Uskayaw
Vehumet
Wu Jian
Xom
Yredelemnul
Zin
The Shining One

Annotations:
D:4 ximkin's ghost, novice HOBe


Innate Abilities, Weirdness & Mutations

You can walk through water.
Your dull iron-grey scales are very hard. (AC +12)
You cannot fit into any form of body armour.
You can survive without breathing.
You are cold-blooded and may be slowed by cold attacks.


Message History

A sky beast appears from thin air!
Reactivating autopickup.
Things that are here:
a hand axe; an animal skin You see here a club.
The sky beast flickers out of sight!
Deactivating autopickup; reactivate with Ctrl-A.
A sky beast appears from thin air!
Reactivating autopickup.
The sky beast flickers out of sight!
Deactivating autopickup; reactivate with Ctrl-A.
A sky beast appears from thin air!
Reactivating autopickup.
The sky beast flickers out of sight!
Deactivating autopickup; reactivate with Ctrl-A.
There is a stone staircase leading down here.
The two-headed ogre hits you with a giant spiked club!!
* * * LOW HITPOINT WARNING * * *
The two-headed ogre hits you with a dire flail!
You die...

#. #.# #...###.# #.
#.# #...# #.# #.##.#
#)..# #)# ####..#.#
#...# #.#
....#.#.#####...###.#
............'....##a#
...#...#####....##.#
##..##.#####§##.#
#.@Oa..{...§...#
#####.##########
######..........
........########
###.............
#.###.######## #. #.#
# #.# #.#


You could see a two-headed ogre and a worker ant.

Vanquished Creatures
  Sigmund (D:3)
  A yak (D:7)
  2 hogs (D:7)
  A human (D:7)
  The ghost of DildoBatman the Sneak, an amateur FoEn (D:3)
  Menkaure (D:5)
  Edmund (D:5)
  An ogre (D:6)
  A centaur (D:5)
  8 scorpions (Ossuary)
  A howler monkey (D:4)
  A crimson imp (D:6)
  A centaur zombie (Ossuary)
  A hound (D:5)
  A human zombie (Ossuary)
  A jelly (D:7)
  An orc priest (D:6)
  2 orc wizards
  Ijyb (D:3)
  3 worker ants
  A big kobold zombie (Ossuary)
  2 hound skeletons
  2 mummies (Ossuary)
  A worker ant zombie (D:6)
  4 gnolls
  3 scorpion zombies (Ossuary)
  9 adders
  2 shadow imps
  An ooze (D:4)
  4 dart slugs
  3 worms
  3 leopard geckos
  13 orcs
  A ball python (D:5)
  4 giant cockroaches
  2 gnoll zombies (Ossuary)
  7 goblins
  12 hobgoblins
  8 kobolds
  3 quokkas
  5 bats
  6 frilled lizards
  2 goblin zombies (Ossuary)
  A hobgoblin zombie (Ossuary)
  A jackal skeleton (D:6)
  A kobold zombie (Ossuary)
  3 orc zombies (Ossuary)
  9 rats
144 creatures vanquished.

Vanquished Creatures (others)
  A mummy (Ossuary)
  A hobgoblin zombie (Ossuary)
2 creatures vanquished.

Grand Total: 146 creatures vanquished

Notes
Turn   | Place    | Note
-------+----------+-------------------------------------------
     0 | D:1      | beanieboyaka the Draconian Fire Elementalist began the quest for the Orb.
     0 | D:1      | Reached XP level 1. HP: 14/14 MP: 3/3
   138 | D:1      | Reached XP level 2. HP: 20/20 MP: 0/5
   144 | D:1      | Learned a level 2 spell: Throw Flame
   595 | D:1      | Reached XP level 3. HP: 26/26 MP: 4/6
  1185 | D:3      | Reached skill level 3 in Spellcasting
  1185 | D:3      | Reached XP level 4. HP: 6/33 MP: 1/8
  2986 | D:2      | Learned a level 3 spell: Inner Flame
  3281 | D:2      | Reached skill level 4 in Spellcasting
  3281 | D:2      | Reached XP level 5. HP: 38/38 MP: 7/11
  3409 | D:3      | Noticed DildoBatman's ghost (amateur FoEn)
  3415 | D:3      | Killed DildoBatman's ghost
  3415 | D:3      | Reached XP level 6. HP: 51/51 MP: 0/12
  3957 | D:3      | Noticed Ijyb
  3998 | D:3      | Killed Ijyb
  4297 | D:3      | Noticed Sigmund
  4438 | D:3      | Killed Sigmund
  4696 | D:4      | Noticed ximkin's ghost (novice HOBe)
  4838 | D:4      | Your scales start taking on a dull iron-grey colour.
  4838 | D:4      | Reached XP level 7. HP: 46/59 MP: 4/13
  4838 | D:4      | Gained mutation: You can survive without breathing. [Grey Draconian growth]
  4849 | D:4      | Reached skill level 5 in Fire Magic
  5319 | D:4      | Found a staircase to the Ecumenical Temple.
  5332 | Temple   | Entered the Ecumenical Temple
  5473 | Temple   | Became a worshipper of Vehumet
  5602 | D:5      | Entered Level 5 of the Dungeon
  5602 | D:5      | Found a glowing drain.
  5886 | D:5      | Noticed Menkaure
  5893 | D:5      | Killed Menkaure
  5893 | D:5      | Reached skill level 5 in Spellcasting
  5975 | D:5      | Found a sand-covered staircase.
  5984 | Ossuary  | Entered an ossuary
  6446 | Ossuary  | Reached skill level 6 in Spellcasting
  6565 | Ossuary  | Reached XP level 8. HP: 66/66 MP: 4/17
  7050 | Ossuary  | Reached * piety under Vehumet
  7050 | Ossuary  | Offered knowledge of Sting by Vehumet.
  7070 | Ossuary  | Reached skill level 7 in Spellcasting
  7704 | D:5      | Found a shadowy altar of Dithmenos.
  7834 | D:5      | Noticed Edmund
  7856 | D:5      | Killed Edmund
  7856 | D:5      | Reached skill level 8 in Spellcasting
  8094 | D:5      | Found a sparkling altar of Nemelex Xobeh.
  8435 | D:6      | Reached skill level 1 in Evocations
  9317 | D:7      | Offered knowledge of Shock by Vehumet.
  9317 | D:7      | Reached XP level 9. HP: 47/71 MP: 8/21
  9326 | D:7      | Reached skill level 9 in Spellcasting
  9335 | D:7      | Reached ** piety under Vehumet
  9586 | D:7      | Learned a level 4 spell: Sticky Flame
  9646 | D:7      | Noticed a two-headed ogre
  9745 | D:7      | HP: 2/71 [two-headed ogre/giant spiked club (20)]
  9745 | D:7      | Demolished by a two-headed ogre

Skill      XL: |  1  2  3  4  5  6  7  8  9 |
---------------+----------------------------+-----
Conjurations   | 2 3 |  3.1
Spellcasting   | 3 4 6 8 9 |  9.3
Fighting       | 3 4 |  4.1
Fire Magic     | 4 5 |  5.1
Evocations     | 2 3 |  3.2
Dodging        | |  1.7
Stealth        | |  1.7

Action                   |  1- 3 |  4- 6 |  7- 9 || total
-------------------------+-------+-------+-------++-------
Melee: Club              |     5 |       |       ||     5
       Tailslap          |     8 |     5 |     5 ||    18
       Dagger            |    27 |    57 |    30 ||   114
       Hand axe          |       |       |    45 ||    45
 Cast: Flame Tongue      |    48 |    64 |   150 ||   262
       Throw Flame       |       |    50 |    94 ||   144
       Inner Flame       |       |       |     1 ||     1
       Sticky Flame      |       |       |     1 ||     1
Evoke: Wand              |       |       |     1 ||     1
  Use: Scroll            |       |       |     6 ||     6
 Stab: Sleeping          |     1 |     3 |     2 ||     6
  Eat: Ration            |     1 |     3 |     2 ||     6
       Chunk             |       |     3 |     7 ||    10
Armor: Skin              |    27 |    20 |    78 ||   125
Dodge: Dodged            |    31 |    54 |    90 ||   175
